 Dungeon Crawl Stone Soup version 0.21-a0-135-g8dc100c (webtiles) character file.

13806 namelastname112 the Carver (level 11, -4/108 HPs)
             Began as a Black Draconian Abyssal Knight on July 17, 2017.
             Was an Elder of Lugonu.
             Slain by a skeletal warrior
             ... wielding a +2 dire flail of flaming
              (33 damage)
             ... in a volcano.
             The game lasted 00:29:46 (14975 turns).

namelastname112 the Carver (DrAK)                  Turns: 14975, Time: 00:29:47

Health: -4/108     AC:  8    Str: 16    XL:     11   Next: 80%
Magic:  9/18       EV: 17    Int: 14    God:    Lugonu [****..]
Gold:   764        SH:  5    Dex: 15    Spells: 10/10 levels left

rFire    + + .     SeeInvis .   Q - +8 autumn katana {slice, Clar}
rCold    + . .     Gourm    .   L - +0 buckler
rNeg     . . .     Faith    +   (armour unavailable)
rPois    .         Spirit   .   (helmet restricted)
rElec    +         Reflect  .   t - scarf {rC+ rF+}
rCorr    .         Harm     .   m - +0 pair of gloves
MR       +....     Clarity  +   (no boots)
Stlth    +.........             e - amulet of faith
HPRegen  0.28/turn              w - +2 ring of strength
MPRegen  0.16/turn              O - ring of protection from fire

@: no status effects
A: breathe lightning, unfitting armour, clever 1, magic resistance 1, robust 1,
electricity resistance, cold-blooded, AC +7
a: Breathe Lightning, Depart the Abyss, Bend Space, Banish, Corrupt, Renounce
Religion


You were in a volcano.
You worshipped Lugonu.
Lugonu was greatly pleased with you.
You were hungry.

You visited 2 branches of the dungeon, and saw 13 of its levels.
You visited the Abyss 1 time.
You also visited: Volcano.

You collected 764 gold pieces.

Inventory:

Hand Weapons
 Q - the +8 autumn katana (weapon) {slice, Clar}
   (You found it on level 12 of the Dungeon)

   It inflicts extra damage upon your enemies.
   It protects you against confusion.
Missiles
 y - 4 curare-tipped needles
Armour
 j - a +1 cloak
 m - a +0 pair of gloves (worn)
 t - a scarf of resistance (worn)
 L - a +0 buckler (worn)
Jewellery
 e - an amulet of faith (around neck)
 s - an uncursed ring of stealth
 u - the ring "Zyage" {+Fly rElec rC+ MR- Str+5}
   (You found it on level 6 of the Dungeon)

   [ring of flight]

   It affects your strength (+5).
   It protects you from cold.
   It insulates you from electricity.
   It affects your resistance to hostile enchantments.
   It lets you fly.
 w - a +2 ring of strength (left hand)
 O - a ring of protection from fire (right hand)
Wands
 f - a wand of confusion (26/48)
 i - a wand of lightning (4/15)
 n - a wand of flame (48/48)
 z - a wand of flame (20/48)
 C - a wand of confusion (29/48)
 H - a wand of flame (20/48)
 I - a wand of polymorph (11/24)
 K - a wand of acid (8/15)
Scrolls
 a - 2 scrolls of blinking
 d - 4 scrolls of enchant weapon
 g - a scroll of teleportation
 h - 2 scrolls of remove curse
 o - a scroll of immolation
 p - 2 scrolls of recharging
 x - a scroll of amnesia
 B - 5 scrolls of identify
 J - a scroll of magic mapping
 R - a scroll of fear
Potions
 l - 4 potions of might
 q - a potion of haste
 r - a potion of cancellation
 v - a potion of curing
 D - a potion of agility
 E - a potion of brilliance
 G - a potion of magic
Books
 A - a book of Flames

   Spells                             Type                      Level
   a - Flame Tongue                   Conjuration/Fire             1
   b - Throw Flame                    Conjuration/Fire             2
   c - Conjure Flame                  Conjuration/Fire             3
   d - Inner Flame                    Hexes/Fire                   3
   e - Sticky Flame                   Conjuration/Fire             4
   f - Fireball                       Conjuration/Fire             5
 N - a Young Poisoner's Handbook

   Spells                             Type                      Level
   a - Sting                          Conjuration/Poison           1
   b - Poisonous Vapours              Poison/Air                   2
   c - Mephitic Cloud                 Conjuration/Poison/Air       3
   d - Olgreb's Toxic Radiance        Poison                       4
   e - Venom Bolt                     Conjuration/Poison           5
Comestibles
 b - 10 bread rations
 c - 9 meat rations
 k - 2 royal jellies
 F - 3 fruits


   Skills:
 + Level 9.9 Fighting
 * Level 12.0 Long Blades
 + Level 7.9 Dodging
 * Level 3.6 Shields
 + Level 9.4 Invocations


You had 10 spell levels left.
You didn't know any spells.

Dungeon Overview and Level Annotations

Branches:
Dungeon (12/15)            Temple (0/1) D:7            Lair (1/6) D:8
    Orc (0/2) D:11

Altars:
Cheibriados
Dithmenos
Elyvilon
Gozag
Makhleb
Nemelex Xobeh
Okawaru
Qazlal
Trog
Beogh

Annotations:
Abyss:1 Erolcha, Grinder, Nergalle


Innate Abilities, Weirdness & Mutations

You can breathe wild blasts of lightning.
Your glossy black scales are hard. (AC +7)
You cannot fit into any form of body armour.
You are resistant to electric shocks. (rElec)
You are cold-blooded and may be slowed by cold attacks.
Your mind is acute. (Int +2)
You are resistant to hostile enchantments. (MR+)
You are robust. (+10% HP)


Message History

The alligator skeleton is severely damaged.
Press: ? - help, Shift-Dir - straight line, f - alligator skeleton
Aim: an alligator skeleton (severely damaged, chance to defeat MR: 88%)
The alligator skeleton is devoured by a tear in reality.
Lugonu claims a new guest.
You are feeling hungry.
The anaconda skeleton grabs you. The anaconda skeleton bites you!
* * * LOW HITPOINT WARNING * * *
The anaconda skeleton constricts you.
You take 17 damage, and have 31/108 hp.
You now have 14/18 mp.
Press: ? - help, Shift-Dir - straight line, f - anaconda skeleton
Aim: an anaconda skeleton (translocational energy, constricting you, chance to defeat MR: 89%)
The anaconda skeleton is devoured by a tear in reality.
Lugonu claims a new guest.
The anaconda skeleton loses its grip on you.
You feel somewhat more hungry.
You now have 10/18 mp.
Space bends sharply around you!
The skeletal warrior blinks!
You blink.
The skeletal warrior hits you with a dire flail of flaming!!
You die...

#############
+...#§..+...#
#...'§§.#...#
####+#.z@#§§.#...##.
#.'..###########.##.#
#..'.+ #.##.# #'#######
##.##.##
#...'...#####......####
#...#.......)........##
#...#...#####.#..#)###.
##+###### #.....))...
#...#####.#..#.###.


You could see a skeletal warrior.

Vanquished Creatures
  A two-headed ogre (D:11)
  An anaconda skeleton (Volcano)
  4 gargoyles (Volcano)
  A troll (D:11)
  3 flying skulls (Volcano)
  3 wyverns
  6 yaks (D:9)
  A wraith (D:12)
  3 hogs (D:9)
  A human (D:9)
  A basilisk (D:8)
  An acid dragon (D:8)
  5 orc warriors
  3 ice beasts
  A phantom (D:6)
  2 black bears
  2 necrophages
  5 ogres
  4 centaurs
  A crocodile (D:8)
  4 bullfrogs
  A wyvern skeleton (D:11)
  3 scorpions
  10 wights
  2 spriggan skeletons (Volcano)
  A troll skeleton (Volcano)
  3 howler monkeys
  3 crimson imps
  A bullfrog zombie (D:9)
  2 quasits (D:9)
  6 hounds
  A bullfrog skeleton (D:6)
  15 orc priests
  3 jellies
  10 orc wizards
  A hell rat (D:7)
  2 centaur skeletons
  4 iguanas
  11 worker ants
  A killer bee zombie (D:9)
  A hound skeleton (D:8)
  A naga skeleton (Volcano)
  9 adders
  6 river rats (D:7)
  4 shadow imps
  3 oozes
  2 adder skeletons
  3 worms
  2 dart slugs (D:2)
  6 leopard geckos
  49 orcs
  4 bats
  10 giant cockroaches
  10 hobgoblins
  7 kobolds
  8 quokkas
  3 ball pythons
  A frilled lizard (D:2)
  3 goblins
  24 rats
289 creatures vanquished.

Vanquished Creatures (others)
  A hydra (D:11)
  2 two-headed ogres
  A skeletal warrior (Volcano)
  An anaconda skeleton (Volcano)
  A manticore (D:11)
  A komodo dragon (D:8)
  2 harpy skeletons (Volcano)
  A shadow (D:12)
  2 alligator skeletons (Volcano)
  A vampire (D:10)
  An orc warrior (D:11)
  A troll skeleton (Volcano)
  A quokka (D:8)
16 creatures vanquished.

Grand Total: 305 creatures vanquished

Notes
Turn   | Place    | Note
-------+----------+-------------------------------------------
     0 | Abyss:1  | namelastname112 the Draconian Abyssal Knight began the quest for the Orb.
     0 | Abyss:1  | Reached XP level 1. HP: 19/19 MP: 2/2
     8 | D:1      | Escaped the Abyss
   304 | D:1      | Reached XP level 2. HP: 14/26 MP: 3/3
  1059 | D:1      | Reached XP level 3. HP: 28/31 MP: 4/4
  1250 | D:2      | Reached ** piety under Lugonu
  1498 | D:2      | Reached skill level 3 in Long Blades
  1672 | D:2      | Reached XP level 4. HP: 22/40 MP: 5/5
  3162 | D:3      | Reached XP level 5. HP: 32/46 MP: 7/7
  3617 | D:4      | Reached skill level 4 in Long Blades
  3817 | D:4      | Reached XP level 6. HP: 40/53 MP: 8/8
  3918 | D:4      | Gained mutation: You passively map a small area around you. [potion of mutation]
  3918 | D:4      | Gained mutation: You have large cloven feet. [potion of mutation]
  4475 | D:5      | Entered Level 5 of the Dungeon
  4700 | D:5      | Your scales start taking on a glossy black colour.
  4700 | D:5      | Reached XP level 7. HP: 28/60 MP: 10/10
  4700 | D:5      | Gained mutation: You are resistant to electric shocks. (rElec) [Black Draconian growth]
  4880 | D:5      | Reached *** piety under Lugonu
  4882 | D:5      | Reached skill level 5 in Long Blades
  4915 | D:5      | Reached skill level 5 in Fighting
  5151 | D:5      | Found a bloodstained altar of Trog.
  5910 | D:6      | Got a vibrating marble ring
  5912 | D:6      | Identified the ring "Zyage" {+Fly rElec rC+ MR- Str+5} (You found it on level 6 of the Dungeon)
  6099 | D:5      | Reached skill level 6 in Long Blades
  6253 | D:5      | Reached XP level 8. HP: 52/69 MP: 11/11
  6256 | D:5      | Reached skill level 5 in Invocations
  6916 | D:6      | Found a stormy altar of Qazlal.
  7089 | D:6      | Noticed Grinder
  7090 | D:6      | Banished Grinder
  7090 | D:6      | Reached skill level 7 in Long Blades
  7206 | D:7      | Reached skill level 5 in Dodging
  7493 | D:7      | Reached XP level 9. HP: 53/78 MP: 13/13
  7501 | D:7      | Reached **** piety under Lugonu
  7846 | D:7      | Found an opulent altar of Gozag.
  7859 | D:7      | Lost mutation: You passively map a small area around you. [potion of mutation]
  7859 | D:7      | Lost mutation: You have large cloven feet. [potion of mutation]
  7859 | D:7      | Gained mutation: Scrolls take you a little longer to read. [potion of mutation]
  7859 | D:7      | Lost mutation: Scrolls take you a little longer to read. [potion of mutation]
  7859 | D:7      | Gained mutation: Your magical capacity is low. (-10% MP) [potion of mutation]
  7859 | D:7      | Gained mutation: Your large and strong wings let you fly indefinitely. [potion of mutation]
  7860 | D:7      | Lost mutation: Your large and strong wings let you fly indefinitely. [potion of mutation]
  7860 | D:7      | Lost mutation: Your magical capacity is low. (-10% MP) [potion of mutation]
  7860 | D:7      | Gained mutation: You are weak. (Str -2) [potion of mutation]
  7860 | D:7      | Gained mutation: You possess an exceptional clarity of mind. [potion of mutation]
  7876 | D:7      | Found a shadowy altar of Dithmenos.
  7982 | D:7      | Reached skill level 8 in Long Blades
  8251 | D:7      | Found a staircase to the Ecumenical Temple.
  8411 | D:8      | Noticed a two-headed ogre
  8421 | D:8      | Banished a two-headed ogre
  8747 | D:8      | Reached ***** piety under Lugonu
  8853 | D:8      | Found a burning altar of Makhleb.
  9026 | D:8      | Found a white marble altar of Elyvilon.
  9077 | D:8      | Noticed a komodo dragon
  9081 | D:8      | Banished a komodo dragon
  9081 | D:8      | Reached skill level 9 in Long Blades
  9566 | D:8      | Reached XP level 10. HP: 83/88 MP: 15/15
  9577 | D:8      | Found a staircase to the Lair.
  9745 | D:9      | Noticed Erolcha
  9746 | D:9      | Banished Erolcha
 10329 | D:9      | Reached skill level 10 in Long Blades
 11022 | D:9      | Found a sparkling altar of Nemelex Xobeh.
 11022 | D:9      | Found an iron altar of Okawaru.
 11142 | D:10     | Entered Level 10 of the Dungeon
 11182 | D:10     | Found a snail-covered altar of Cheibriados.
 11379 | D:10     | Lost mutation: You are weak. (Str -2) [potion of mutation]
 11379 | D:10     | Lost mutation: You possess an exceptional clarity of mind. [potion of mutation]
 11379 | D:10     | Gained mutation: You are resistant to hostile enchantments. (MR+) [potion of mutation]
 11379 | D:10     | Gained mutation: You are robust. (+10% HP) [potion of mutation]
 11379 | D:10     | Gained mutation: Your mind is acute. (Int +2) [potion of mutation]
 12288 | D:11     | Noticed a two-headed ogre
 12299 | D:11     | Killed a two-headed ogre
 12299 | D:11     | Reached XP level 11. HP: 57/106 MP: 17/17
 12341 | D:11     | Reached skill level 11 in Long Blades
 13200 | D:11     | Found a roughly hewn altar of Beogh.
 13200 | D:11     | Found a staircase to the Orcish Mines.
 13302 | D:11     | Noticed a four-headed hydra
 13305 | D:11     | Banished a four-headed hydra
 13366 | D:11     | Noticed a two-headed ogre
 13367 | D:11     | Banished a two-headed ogre
 13937 | D:12     | Noticed Nergalle
 13940 | D:12     | Banished Nergalle
 13940 | D:12     | Reached skill level 1 in Shields
 14338 | Lair:1   | Entered Level 1 of the Lair of Beasts
 14348 | Lair:1   | Found a dark tunnel.
 14351 | Volcano  | Entered a volcano
 14815 | Volcano  | Noticed a skeletal warrior
 14830 | Volcano  | Banished a skeletal warrior
 14835 | Volcano  | Reached skill level 12 in Long Blades
 14964 | Volcano  | Noticed a skeletal warrior
 14975 | Volcano  | Slain by a skeletal warrior

Vault maps used:
D:1:      elethiomel_arrival_shortcut, kennysheep_nondescript,
          minmay_heptomino_o4
D:2:      nrook_uturn
D:5:      lightli_temple_of_fire, first_bread, hangedman_decor_opposing,
          columned_hall_lemuel
D:6:      minmay_misc_feat_square, nicolae_qazlal_eye_of_the_storm, uniq_grinder
D:7:      lemuel_ratsnest, amethyst_overflow_temple_binary,
          minmay_temple_entry_enclosed_plants
D:8:      makhleb_blood_cavern_becter, erik_lair_dragon, elyvilon_altar_4
D:9:      gammafunk_temple_overflow_statue, grunt_livestock,
          supply_closet_lemuel, uniq_erolcha
D:10:     cheibriados_altar_1
D:11:     david_orc_5
D:12:     minmay_orc_keep, uniq_nergalle
Lair:1:   nicolae_volcano_entry_lava_flow, grunt_megastairs_2, lemuel_fruit_tree
Abyss:1:  hangedman_decor_peaks_small
Volcano:  volcano_tomb

Skill      XL: |  1  2  3  4  5  6  7  8  9 10 11 |
---------------+----------------------------------+-----
Long Blades    | 3 4 6 7 9 10 12 | 12.0
Fighting       | 4 5 6 8 9 |  9.9
Dodging        | 3 4 5 6 7 |  7.9
Invocations    | 3 4 6 7 8 9 |  9.4
Shields        | 3 |  3.6

Action                   |  1- 3 |  4- 6 |  7- 9 | 10-12 || total
-------------------------+-------+-------+-------+-------++-------
Melee: Falchion          |    89 |   160 |   298 |       ||   547
       Tailslap          |    10 |    20 |    54 |    48 ||   132
       Kick              |       |    17 |    67 |       ||    84
       Great sword       |       |       |    47 |   274 ||   321
       Katana            |       |       |       |    84 ||    84
Invok: Bend Space        |       |       |     2 |     1 ||     3
       Banish            |       |       |     3 |    18 ||    21
 Abil: Breathe Lightning |       |       |    10 |     5 ||    15
Evoke: Wand              |       |       |     1 |       ||     1
  Use: Scroll            |       |     9 |    10 |     4 ||    23
       Potion            |       |     2 |     6 |     5 ||    13
 Stab: Sleeping          |     2 |     4 |       |       ||     6
       Distracted        |       |       |       |     1 ||     1
  Eat: Chunk             |     2 |    20 |    11 |     3 ||    36
       Meat ration       |       |       |     1 |     1 ||     2
       Royal jelly       |       |       |       |     6 ||     6
Armor: Skin              |    19 |    30 |    93 |    82 ||   224
Dodge: Dodged            |    60 |    99 |   239 |   295 ||   693
Block: Buckler           |       |       |       |    14 ||    14
       Rpst.: Falchion   |    21 |    44 |    49 |       ||   114
       Great sword       |       |       |    18 |    54 ||    72
       Katana            |       |       |       |     9 ||     9
